Map: Data-C

Players

Scarlett - Winner!

  • Race: Zerg Zerg
  • Spawn Location: 3:00

ByuN

  • Race: Terran Terran
  • Spawn Location: 9:00

Event: HomeStory Cup XXII

VOD

Have the link to the VOD?

Description

Time

  • Played on: Dec. 16, 2022, 11:22 a.m.
  • Length: 21:29

All games in this series

Show
View Real Time Build Order
Export as new Build Order

Scarlett Zerg - Winner!

Build Orders: Hatch First, Ravager All-In 

Get SALT Encoding   

  12  0:00  Drone  
  13  0:08  Drone  
  14  0:36  Hatchery  
  13  0:50  Spawning Pool  
  13  0:54  Drone  
  13  0:59  Drone  
  14  1:08  Drone, Extractor  
  14  1:13  Drone, Extractor  
  14  1:25  Overlord  
  14  1:36  Roach Warren  
  13  1:40  Drone  
  13  1:44  Drone  
  15  1:50  Drone  
  16  1:59  Overlord  
  16  2:16  Roach x2  
  16  2:22  Roach  
  24  2:30  Roach  
  24  2:36  Ravager x2  
  26  2:43  Roach  
  29  2:51  Ravager  
  29  2:53  Roach  
  31  3:02  Drone  
  31  3:05  Ravager  
  33  3:09  Roach  
  33  3:34  Drone x3  
  33  3:35  Roach  
  27  3:46  Roach x2  
  29  3:52  Roach  
  28  3:56  Ravager  
  28  3:57  Drone  
  28  4:01  Drone  
  31  4:06  Ravager  
  31  4:09  Ravager  
  33  4:12  Overlord  
  33  4:16  Drone  
  34  4:24  Ravager  
  35  4:40  Queen  
  34  4:47  Hatchery  
  34  4:51  Drone  
  34  4:59  Roach  
  36  5:00  Roach  
  36  5:06  Drone  
  39  5:07  Drone  
  39  5:11  Drone  
  41  5:17  Metabolic Boost  
  41  5:21  Ravager x2  
  40  5:28  Roach  
  40  5:30  Roach  
  40  5:35  Overlord  
  44  5:46  Overlord  
  44  5:53  Queen  
  44  5:55  Ravager x2  
  48  5:59  Roach  
  50  6:05  Roach  
  50  6:09  Roach  
  54  6:12  Zergling x2  
  54  6:17  Zergling x4  
  54  6:25  Zergling x4  
  55  6:28  Overlord  
  55  6:37  Zergling x4  
  56  6:42  Ravager x2  
  56  6:46  Zergling x2  
  59  6:52  Ravager  
  59  6:53  Zergling x4  
  62  6:56  Zergling x2  
  62  6:59  Zergling x2  
  64  7:02  Zergling x2  
  62  7:15  Drone x4  
  58  7:28  Roach x3  
  55  7:37  Drone x3  
  55  7:39  Drone  
  59  7:45  Drone x2  
  59  7:50  Ravager  
  62  7:51  Zergling x4  
  62  7:56  Zergling x2  
  62  7:58  Overlord  
  54  8:10  Roach x2  
  54  8:11  Zergling x6  
  46  8:19  Drone x4  
  50  8:23  Queen  
  52  8:28  Drone x2  
  52  8:32  Drone x2  
  56  8:40  Zergling x6  
  59  8:42  Ravager  
  59  8:48  Drone  
  61  8:55  Zergling x2, Overlord x2  
  62  9:01  Hatchery  
  61  9:06  Lair  
  61  9:10  Drone x3  
  61  9:12  Drone  
  61  9:13  Drone x2  
  61  9:16  Extractor  
  66  9:21  Queen  
  68  9:29  Roach  
  70  9:32  Extractor  
  70  9:35  Baneling Nest  
  70  9:37  Drone  
  70  9:38  Ravager  
  70  9:39  Spore Crawler  
  70  9:45  Drone x8  
  77  9:51  Evolution Chamber  
  76  9:53  Evolution Chamber  
  76  9:55  Drone x2  
  76  10:04  Drone  
  74  10:09  Drone x4  
  74  10:12  Zergling x2  
  79  10:16  Zergling x6  
  79  10:17  Zergling x2  
  83  10:21  Centrifugal Hooks  
  83  10:27  Zerg Ground Armor Level 1  
  83  10:32  Zerg Melee Weapons Level 1  
  83  10:36  Drone  
  83  10:40  Zergling x10  
  89  10:45  Overlord x3  
  89  10:55  Hatchery  
  88  10:57  Zergling x2  
  88  10:58  Overlord x2  
  88  11:04  Queen  
  89  11:05  Roach  
  89  11:06  Roach  
  95  11:13  Queen  
  95  11:14  Ravager  
  95  11:16  Drone  
  99  11:25  Drone x2  
  99  11:26  Drone x10  
  111  11:33  Ravager x2  
  111  11:35  Spore Crawler  
  111  11:37  Zergling x8  
  111  11:38  Zergling x2  
  112  11:47  Zergling x2  
  112  11:49  Zergling x10  
  112  11:50  Zergling x2  
  119  11:55  Zergling x12  
  119  11:57  Baneling x11  
  119  11:58  Baneling x2  
  119  12:00  Overlord  
  125  12:04  Zergling x2  
  125  12:05  Zergling x2  
  112  12:18  Zergling x10  
  112  12:19  Zergling x2  
  112  12:20  Zergling x2  
  107  12:26  Zergling x8  
  104  12:34  Roach x7  
  104  12:36  Zerg Melee Weapons Level 2, Zerg Ground Armor Level 2  
  112  12:39  Drone x2  
  112  12:40  Infestation Pit  
  112  12:43  Queen  
  112  12:44  Drone  
  116  12:48  Roach  
  116  12:49  Baneling x7  
  116  12:50  Baneling x5  
  118  12:54  Zergling x6  
  118  12:58  Zergling x6  
  124  13:01  Drone, Extractor  
  124  13:02  Drone x2  
  124  13:03  Drone  
  124  13:04  Spore Crawler  
  126  13:10  Zergling x6  
  128  13:14  Zergling x8  
  129  13:24  Zergling x10  
  130  13:28  Spore Crawler  
  130  13:33  Drone  
  130  13:34  Drone x2  
  117  13:35  Hive  
  117  13:39  Hatchery  
  114  13:42  Roach  
  114  13:43  Roach x3  
  116  13:51  Queen  
  116  13:52  Drone x2  
  119  13:58  Drone x5  
  124  14:03  Spore Crawler  
  124  14:06  Drone x2  
  124  14:08  Ravager x5  
  124  14:09  Ravager x2  
  132  14:11  Baneling x3  
  132  14:15  Drone x2  
  132  14:16  Drone, Extractor  
  134  14:20  Zergling x2  
  134  14:21  Zergling x6  
  129  14:36  Zergling x8  
  130  14:43  Baneling x5  
  130  14:44  Drone x2  
  130  14:45  Zergling x10  
  137  14:47  Adrenal Glands  
  137  14:51  Extractor  
  136  14:53  Drone  
  136  14:54  Drone x2  
  136  14:59  Viper  
  138  15:01  Drone  
  142  15:09  Extractor  
  142  15:10  Drone x2  
  142  15:11  Overlord x5  
  143  15:22  Zerg Ground Armor Level 3  
  143  15:29  Baneling  
  143  15:30  Baneling x5  
  143  15:33  Overseer  
  143  15:34  Zergling x22  
  154  15:42  Zergling x16  
  154  15:51  Zergling x2  
  154  15:52  Zergling x2  
  154  15:54  Viper  
  154  15:55  Overlord  
  154  15:56  Overlord  
  159  16:04  Drone  
  159  16:06  Overlord x2  
  159  16:07  Zergling x14  
  159  16:08  Zerg Melee Weapons Level 3  
  159  16:09  Zergling x2  
  168  16:13  Ultralisk Cavern  
  168  16:14  Hatchery  
  168  16:16  Baneling x3  
  166  16:19  Zergling x8  
  160  16:27  Zergling x2  
  160  16:29  Pneumatized Carapace  
  138  16:33  Zergling x18  
  138  16:39  Zergling x8  
  150  16:42  Baneling x8  
  150  16:43  Zergling x6  
  140  16:55  Baneling Nest  
  140  16:56  Zergling x2  
  140  16:57  Zergling x6  
  138  17:05  Zergling x12  
  141  17:10  Chitinous Plating  
  141  17:11  Spore Crawler  
  141  17:13  Drone x2  
  142  17:18  Ultralisk x2  
  154  17:25  Zergling x6  
  154  17:29  Zergling x2  
  150  17:32  Zergling x8  
  150  17:41  Zergling x4  
  150  17:42  Zergling x2  
  150  17:43  Baneling x8  
  143  17:48  Zergling x8  
  138  17:54  Zergling x2  
  123  17:59  Zergling x10  
  123  18:01  Zergling x4, Ultralisk x2  
  139  18:09  Overseer  
  125  18:14  Zergling x8  
  124  18:20  Zergling x4, Ultralisk  
  124  18:24  Extractor  
  130  18:28  Zergling x12, Ultralisk  
  141  18:36  Zergling x8  
  141  18:39  Queen  
  141  18:40  Drone x3  
  141  18:41  Zergling x4  
  143  18:45  Baneling x4  
  143  18:46  Overseer  
  143  18:48  Drone  
  144  18:51  Zergling x2  
  144  18:52  Zergling x6  
  144  18:55  Anabolic Synthesis  
  148  18:58  Zergling x4  
  148  18:59  Overseer  
  148  19:02  Zergling x4  
  139  19:13  Zergling x12  
  136  19:17  Queen  
  136  19:20  Zergling x2  
  136  19:21  Zergling x2  
  135  19:27  Zergling x2, Hatchery, Ultralisk  
  135  19:28  Zergling x4  
  143  19:33  Zergling x2  
  143  19:38  Zergling x8  
  147  19:49  Drone x2  
  147  19:50  Baneling x6  
  147  19:51  Baneling x9  
  149  19:56  Overseer  
  149  19:58  Zergling x2  
  149  19:59  Zergling x12  
  155  20:07  Zergling x10  
  155  20:12  Drone  
  155  20:14  Zergling x2  
  162  20:16  Baneling x11  
  162  20:17  Ultralisk x2  
  163  20:37  Zergling x10, Ultralisk  
  163  20:38  Zergling x10  
  169  20:44  Zergling x12  
  159  20:51  Zergling x6  
  159  20:56  Zergling x6  
  165  20:57  Baneling x7  
  165  21:01  Zergling x6  
  166  21:05  Zergling x6  
  166  21:06  Baneling x15  
Show
View Real Time Build Order
Export as new Build Order

ByuN Terran 

Build Orders: Reaper Expand 

Get SALT Encoding   

  12  0:00  SCV  
  13  0:13  SCV  
  14  0:16  Supply Depot  
  14  0:25  SCV  
  15  0:38  SCV, Barracks  
  16  0:43  Refinery  
  16  0:50  SCV  
  17  1:02  SCV  
  18  1:14  SCV  
  19  1:25  Reaper  
  19  1:27  Orbital Command  
  20  1:40  Command Center  
  20  1:47  Supply Depot  
  20  1:52  SCV  
  21  1:57  Marine  
  22  2:04  SCV  
  22  2:07  Factory  
  23  2:15  Marine  
  23  2:16  SCV  
  25  2:25  Bunker  
  25  2:28  SCV  
  25  2:29  Refinery  
  26  2:33  Marine  
  27  2:40  SCV  
  28  2:51  Marine  
  29  2:52  SCV, Factory Tech Lab  
  29  3:03  Factory Tech Lab  
  29  3:04  Command Center  
  29  3:05  SCV  
  30  3:06  Supply Depot  
  30  3:21  Supply Depot  
  24  3:39  SCV, Marine  
  21  3:42  Cyclone  
  21  3:51  SCV  
  21  4:03  SCV  
  22  4:14  Cyclone  
  25  4:18  SCV  
  26  4:30  SCV  
  27  4:42  SCV  
  27  4:43  Orbital Command  
  28  4:50  Siege Tank  
  32  4:54  SCV  
  33  5:06  SCV  
  33  5:09  SCV  
  33  5:11  Barracks Reactor  
  34  5:18  SCV  
  35  5:22  SCV  
  36  5:30  SCV  
  36  5:32  Barracks  
  36  5:34  SCV, Orbital Command  
  38  5:36  Siege Tank  
  38  5:42  SCV  
  42  5:48  Supply Depot  
  42  5:49  Marine x2  
  44  5:54  SCV  
  52  6:04  Orbital Command  
  45  6:06  SCV  
  45  6:07  Marine  
  45  6:08  Siege Tank  
  50  6:11  Barracks  
  50  6:17  Marine  
  51  6:19  SCV  
  52  6:26  Barracks Tech Lab  
  52  6:31  SCV  
  52  6:32  Marine  
  53  6:35  Supply Depot, Marine  
  55  6:43  SCV  
  55  6:46  Siege Tank  
  56  6:49  SCV  
  57  6:55  Marine x2  
  57  6:56  Bunker  
  57  6:58  Marine  
  61  7:03  Marine  
  61  7:04  SCV x2  
  60  7:13  Marine  
  60  7:14  Marine  
  56  7:16  SCV, Marine  
  56  7:19  Siege Tank  
  60  7:26  Marine  
  62  7:31  Marine  
  62  7:36  Marine  
  57  7:40  Stimpack  
  56  7:48  Marine x2  
  56  7:50  Marine  
  59  7:54  Marine  
  60  8:05  SCV  
  56  8:06  Marine x2  
  56  8:08  Marine  
  56  8:12  Marine  
  53  8:14  Orbital Command  
  53  8:17  Siege Tank  
  56  8:23  SCV  
  56  8:24  Marine  
  58  8:27  Marine  
  58  8:31  Marine  
  58  8:32  Marine  
  61  8:35  SCV  
  62  8:42  Marine  
  62  8:43  SCV  
  62  8:45  Marine  
  62  8:47  SCV  
  66  8:48  Marine  
  66  8:49  Marine  
  68  8:59  SCV x2  
  68  9:02  Supply Depot  
  70  9:09  Marine  
  70  9:17  Barracks Reactor  
  70  9:20  Combat Shield  
  71  9:24  SCV x2  
  71  9:27  Starport  
  71  9:30  Factory Reactor  
  71  9:31  Supply Depot  
  73  9:34  Marine x3  
  73  9:36  SCV x2  
  77  9:42  Engineering Bay  
  77  9:48  SCV  
  79  9:52  SCV  
  79  9:54  Supply Depot  
  78  10:00  SCV  
  78  10:02  Command Center  
  78  10:03  Marine x2  
  78  10:06  Marine  
  78  10:07  Marine  
  81  10:11  Terran Infantry Weapons Level 1  
  81  10:12  Marine  
  83  10:20  Supply Depot  
  83  10:21  Medivac x2  
  88  10:28  Marine x2  
  88  10:29  Marine x2  
  88  10:34  Marine  
  91  10:41  Barracks  
  91  10:42  Barracks  
  91  10:43  Supply Depot, SCV  
  91  10:44  SCV, Factory Reactor  
  93  10:51  Medivac x2  
  93  10:55  Supply Depot  
  93  10:56  Supply Depot  
  97  10:59  SCV x2  
  99  11:08  Marine x4  
  99  11:09  Marine  
  105  11:11  SCV x2  
  106  11:23  SCV x2  
  106  11:24  Widow Mine x2  
  112  11:32  Orbital Command  
  112  11:33  Barracks Reactor x2  
  112  11:35  SCV x2  
  112  11:38  Marine x3  
  112  11:39  Marine  
  115  11:42  Marine  
  115  11:48  Widow Mine x2  
  119  11:56  Marine x3  
  119  11:57  Marine  
  119  12:00  Marine  
  119  12:01  Medivac x2  
  128  12:05  Terran Infantry Armor Level 1  
  128  12:12  Marine  
  128  12:13  Marine  
  128  12:14  Marine x2  
  113  12:18  Marine  
  113  12:19  Marine x2  
  113  12:20  Marine x2  
  97  12:30  Marine  
  97  12:31  Marine x2  
  97  12:32  Marine  
  97  12:35  Marine  
  97  12:36  Armory  
  101  12:37  Widow Mine x2, Marine x3  
  101  12:38  Engineering Bay, Marine  
  101  12:40  Medivac  
  107  12:47  Command Center  
  107  12:48  Marine  
  107  12:49  Marine  
  107  12:51  Marine x2  
  110  12:53  Marine  
  110  12:55  Marine x3  
  115  13:02  Factory  
  115  13:04  SCV x3  
  118  13:07  Supply Depot, Medivac  
  120  13:14  Marine  
  120  13:21  Marine x2  
  120  13:25  SCV x2  
  120  13:27  Widow Mine x2  
  115  13:35  Marine x2  
  115  13:37  Marine x2  
  115  13:38  Marauder  
  115  13:39  Marine x2  
  115  13:41  Medivac  
  115  13:44  Barracks  
  115  13:45  Barracks  
  115  13:47  Barracks  
  110  13:51  Marine x2  
  110  13:52  Marine  
  110  13:54  Barracks  
  110  13:55  SCV  
  110  13:56  SCV x2  
  110  13:57  Factory Tech Lab  
  110  14:01  Refinery  
  113  14:03  Refinery, Marine  
  113  14:04  Marine x5  
  113  14:09  Marine x2  
  121  14:10  Marine  
  121  14:13  Terran Infantry Armor Level 2  
  122  14:21  Marine  
  122  14:23  Marine  
  122  14:25  Marauder  
  122  14:26  Marine  
  122  14:28  Widow Mine  
  122  14:31  Marine x5  
  112  14:33  Widow Mine  
  112  14:37  Widow Mine  
  119  14:39  SCV x3  
  119  14:44  Barracks Tech Lab  
  119  14:45  Barracks Tech Lab  
  119  14:47  Marauder  
  119  14:48  Barracks Tech Lab  
  119  14:51  SCV x3  
  119  14:52  Orbital Command  
  123  14:57  Marine x2  
  123  14:58  Terran Infantry Weapons Level 2  
  123  14:59  Marine x2  
  127  15:05  Marauder  
  129  15:08  Marine  
  129  15:09  Marine  
  129  15:10  Marauder x3  
  137  15:16  Marine x3  
  140  15:23  Command Center  
  140  15:25  Concussive Shells  
  140  15:26  Marauder  
  140  15:27  Sensor Tower, Marine x2  
  144  15:31  Marauder x2  
  144  15:33  Widow Mine x2, Marine  
  144  15:34  Marine  
  154  15:36  Marine x2  
  154  15:40  Medivac  
  154  15:41  Marine x2  
  160  15:43  Marauder  
  160  15:47  Marauder  
  160  15:49  Marine x2  
  160  15:51  Marine x2  
  160  15:53  Marine x2  
  160  15:55  Refinery  
  160  15:56  Command Center  
  162  15:59  Medivac  
  164  16:08  Supply Depot  
  164  16:09  Marine x2  
  164  16:10  Supply Depot, SCV x4  
  170  16:12  Supply Depot, Marauder  
  172  16:21  Marine  
  172  16:22  Marine  
  172  16:23  Marauder x2  
  172  16:24  Marauder  
  168  16:29  Marine  
  146  16:34  Marauder, Marine  
  146  16:37  Marine x4  
  146  16:39  Widow Mine, Marine  
  154  16:40  Widow Mine  
  154  16:41  Marine  
  154  16:44  Marauder x2  
  154  16:45  Marauder  
  159  16:47  Marine  
  159  16:52  Marine  
  160  16:55  Marauder, Marine x3  
  155  17:06  Marauder x2  
  155  17:07  Marauder, Marine x3  
  159  17:08  Widow Mine  
  159  17:09  Widow Mine x2  
  159  17:11  Ghost Academy  
  159  17:13  Orbital Command  
  163  17:17  Medivac x2, Marauder  
  163  17:21  Marine x2  
  171  17:22  Marine  
  171  17:29  Marauder x2  
  176  17:31  Marine  
  176  17:32  Widow Mine  
  176  17:33  Widow Mine  
  176  17:34  Marauder  
  182  17:38  Marauder  
  182  17:41  Widow Mine  
  182  17:43  Marine x3  
  175  17:47  Medivac  
  175  17:48  Medivac  
  175  17:50  Marauder x2, Marine  
  174  17:54  Widow Mine x2, Marine  
  174  17:57  Marine x2  
  176  18:00  Marauder x2, Marine  
  176  18:01  Marine  
  176  18:02  Widow Mine  
  176  18:04  Marine  
  182  18:11  Marauder  
  166  18:15  Marine x2  
  166  18:17  Medivac  
  166  18:19  Marauder  
  159  18:22  Marauder x2, Marine  
  159  18:23  Marine  
  163  18:28  Marine  
  163  18:29  Marine x2  
  163  18:33  Marauder  
  156  18:36  SCV  
  156  18:39  Marine x3  
  156  18:40  Marauder, Marine  
  154  18:42  Marine  
  154  18:43  Marauder x2  
  154  18:45  Planetary Fortress  
  154  18:48  Marine x3  
  159  18:55  Marauder  
  164  19:01  Medivac, Marauder  
  164  19:02  Widow Mine  
  146  19:17  Marauder  
  146  19:18  Marauder x2  
  146  19:23  Marauder  
  130  19:25  Marine  
  130  19:27  Marine x2  
  130  19:29  Marine x3  
  130  19:30  Widow Mine x2  
  120  19:37  Marine x2  
  115  19:39  Marauder x3  
  115  19:43  Marine  
  115  19:44  Marine x2  
  115  19:45  Marauder  
  126  19:46  Marine  
  126  19:47  Refinery, Marine  
  126  19:51  Marine  
  126  19:52  Widow Mine x2  
  135  19:53  Widow Mine  
  135  19:54  Marine x2  
  135  19:57  Refinery x2  
  137  20:00  Marauder x3  
  137  20:01  Marine  
  137  20:02  Marine  
  137  20:03  Marine  
  137  20:04  Marine  
  137  20:05  Marine  
  137  20:06  Marauder  
  150  20:09  Orbital Command  
  150  20:11  Marine  
  150  20:12  Marine x2  
  153  20:19  Marine  
  153  20:21  Marine x2  
  155  20:23  Marauder  
  153  20:30  Marauder x2, Marine x2  
  153  20:31  Marine  
  153  20:32  Marine x2  
  133  20:43  Medivac  
  133  20:46  SCV, Marauder x2  
  135  20:52  Marauder x2  
  135  20:53  Marine x8  
  135  20:55  SCV x2  
  143  20:57  SCV  
  146  21:07  Marauder x2  
  146  21:10  Marine  
  146  21:11  Marine x7  
Tags
 
Add a new tag
Caveats
  • Supply blocks, unpowered buildings, or Contaminate may cause inaccurate times.
  • Supply counts are checked every 10 seconds.